matt, chaotic male elven Wizard }}}}}}}}}}} }}}}}}}}}} -}}}}}}}}} |}}}}}}}}} |.}}}}}}} ^ |.}}}}}}- ...|.}}}}}}| ...|.}}}}}}| .-- ....|.}}}}}}} @... ..<.|.}}}}}}-.... }}---- `.*.|.}}}}}}}}}--- }}}}}}... ....|!}}}}}}}}}}}}}}}}}}| %^).|.}}}}}}..}}}}}}}}}}--- ..^}|...}}}.}}}}}}...}}}}}| ...}-L..}}[}}}}}}}}}}}}}}}| .%.}|.h.}}}}}}}..}}}g}}---- ....|}}}}}....}}}}..}}.| ----}}}}}}}}}}}}}}}}}}- }}}}}}}}S}}}}}}}}}}}} }}}}}}}}}}}}}}}}}}}}}}}}}}} matt the Magician Experience level: 10 Strength: 11 Dexterity: 16 Constitution: 14 Intelligence: 3 Wisdom: 11 Charisma: 11 Health: 107(137) Energy: 16(107) Def: 18 Gold: 1341 Moves: 5939 Dungeon seed: UH1a--s1YKvDI_I4 Game ID: matt_1488848586 Your Inventory: Coins $ - 1341 gold pieces Weapons a - a blessed +1 quarterstaff (weapon in hands) Armor e - a blessed +0 cloak of magic resistance (being worn) n - a cursed +0 robe y - an uncursed +0 pair of leather gloves (being worn) Comestibles Q - an uncursed food ration S - an uncursed partly eaten food ration Z - an uncursed fortune cookie Scrolls i - 2 uncursed scrolls of blank paper j - an uncursed scroll of blank paper q - an uncursed scroll of blank paper s - a cursed scroll of blank paper H - a blessed scroll of blank paper J - an uncursed scroll of blank paper O - a cursed scroll of blank paper P - an uncursed scroll of blank paper Spellbooks v - a blessed spellbook of blank paper Potions g - an uncursed potion of water p - an uncursed potion of water w - an uncursed potion of water L - an uncursed potion of water W - an uncursed potion of water Rings c - an uncursed thoroughly rusty ring of poison resistance d - an uncursed thoroughly rusty ring of protection from shape changers Wands b - a wand of striking (0:4) f - a wand of cancellation (0:6) k - a wand of secret door detection (0:15) t - a wand of magic missile (0:6) B - a wand of create monster (0:12) E - a wand of striking (0:3) N - a thoroughly rusty wand of light (0:14) U - a wand of striking (0:4) Tools m - an uncursed bell u - a blessed oil lamp (0:1170) C - a +0 unicorn horn Spells and supernatural/magical abilities: Name Level Category Fail Memory a - force bolt 1 attack 56% 71% c - cause fear 3 enchantment 69% 79% k - knock 1 matter 56% 79% l - light 1 divination 56% 79% n - detect monsters 1 divination 56% 71% F - finger of death 7 attack 100% 77% W - pray for help -- divine ? -- Z - monster magic -- ability ? -- Your skills at the end: Fighting Skills Weapon Skills quarterstaff [Basic] Spellcasting Skills attack spells [Basic] enchantment spells [Basic] Final Attributes: You had transgressed. You were fire resistant. You were cold resistant. You were sleep resistant. You were shock resistant. You were poison resistant. You were level-drain resistant. You were magic-protected. You were telepathic. You had infravision. You could survive without air. You regenerated. You were permanently polymorphed into an arch-lich. You could not change from your current form. You were fast. You are dead. Vanquished creatures: a titan a shopkeeper an aligned priest a ghost a watch captain 2 queen bees a zruty 7 rock trolls a large mimic a xorn a xan a troll a large dog a flaming sphere a shocking sphere a large cat a python an ettin zombie a leather golem 4 watchmen a giant beetle a lynx 29 gremlins a spotted jelly 3 giant spiders a werewolf a lizard a chickatrice 2 housecats 3 jaguars a white unicorn 2 gnome mummies 2 snakes 2 apes a rope golem a Woodland-elf a wood nymph a rock piercer 2 rock moles a pony a yellow light a shrieker 6 gnome lords 3 gnomish wizards 2 gray oozes a paper golem 3 giant ants 2 floating eyes 2 kittens 5 dwarves a kobold lord 2 kobold shamans 7 hill orcs 3 rothes 2 orc zombies 4 dwarf zombies a werejackal 3 iguanas 23 killer bees 2 acid blobs a hobbit 2 hobgoblins 27 gnomes 2 gnome zombies 2 geckos 2 jackals a fox a kobold 2 goblins 2 grid bugs a kobold zombie 2 newts 206 creatures vanquished. Voluntary challenges: You used a wielded weapon 249 times, starting on turn 63. You read items or engraved 96 times, starting on turn 1204. You never genocided any monsters. You never polymorphed an object. You never changed form. You used 1 wish, starting on turn 1217. You did not wish for any artifacts. You never split a pudding. You never wrote Elbereth's name. You violated your moral code, losing 327 points of alignment, starting on turn 1448. Dungeon overview: The Dungeons of Doom: levels 1 to 25 Level 1 a long staircase Level 2 a potion shop Level 3 stairs to The Gnomish Mines Level 4 Level 5 Level 6 some fountains Level 7 some fountains Level 8 Level 9 a fountain Level 10 Level 11 Level 12 many fountains Level 13 Level 14 a fountain, a sink Level 15 Level 16 a fountain Level 17 Level 18 Level 19 a fountain Level 20 a fountain Level 21 Level 22 Level 23 a temple to Anhur Level 24 an altar to Anhur Level 25 <- You were here The Gnomish Mines: levels 4 to 7 Level 4 stairs to The Dungeons of Doom Level 5 Level 6 some shops, a temple to Anhur, some fountains Level 7 History has recorded: On T:1 you entered the Dungeons of Doom to retrieve the Amulet of Yendor! On T:221 you reached level 2 of The Dungeons of Doom. On T:519 you advanced to experience level 2. On T:549 you reached level 3 of The Dungeons of Doom. On T:729 you reached level 1 of The Gnomish Mines. On T:733 you advanced to experience level 3. On T:800 you advanced to experience level 4. On T:905 you reached level 2 of The Gnomish Mines. On T:929 you advanced to experience level 5. On T:1029 you advanced to experience level 6. On T:1051 you reached level 3 of The Gnomish Mines. On T:1084 you reached level 4 of The Gnomish Mines. On T:1217 you wished for "blessed spellbook of finger of death". On T:1448 you advanced to experience level 7. On T:1864 you advanced to experience level 8. On T:2056 you reached level 4 of The Dungeons of Doom. On T:2288 you reached level 5 of The Dungeons of Doom. On T:2301 you reached level 6 of The Dungeons of Doom. On T:2400 you reached level 7 of The Dungeons of Doom. On T:2683 you reached level 8 of The Dungeons of Doom. On T:2778 you reached level 9 of The Dungeons of Doom. On T:2822 you reached level 10 of The Dungeons of Doom. On T:2840 you reached level 11 of The Dungeons of Doom. On T:3050 you reached level 12 of The Dungeons of Doom. On T:3239 you reached level 13 of The Dungeons of Doom. On T:3320 you reached level 14 of The Dungeons of Doom. On T:3554 you advanced to experience level 9. On T:3583 you reached level 15 of The Dungeons of Doom. On T:3611 you reached level 16 of The Dungeons of Doom. On T:3734 you reached level 17 of The Dungeons of Doom. On T:4285 you reached level 18 of The Dungeons of Doom. On T:4408 you reached level 19 of The Dungeons of Doom. On T:4491 you reached level 20 of The Dungeons of Doom. On T:4559 you reached level 21 of The Dungeons of Doom. On T:4734 you reached level 22 of The Dungeons of Doom. On T:4862 you reached level 23 of The Dungeons of Doom. On T:5066 you reached level 24 of The Dungeons of Doom. On T:5081 you reached level 25 of The Dungeons of Doom. On T:5090 you advanced to experience level 10. Score breakdown: Gold: 1341 (10639 points) Experience: 10 levels (16712 points) Exploration: 25 levels ( 50.00%) (20995 points) Discoveries: 0 items ( 0.00%) ( 0 points) Valuables value: (no points given unless you survive) Artifact value: 0 ( 0 points) Variety of kills: 72 monsters ( 18.90%) (13041 points) Turncount: 5939 turns (-1608 points) Survival: died (score multiplied by 80%) Total score: 47823 Latest messages: The mind flayer is covered in frost! You point at the mind flayer, then curse. The mind flayer hits! The mind flayer's tentacles suck you! Your brain is eaten! You feel very stupid! The mind flayer's tentacles suck you! Your brain is eaten! You feel stupid! The mind flayer's tentacles suck you! Your brain is eaten! You feel very stupid! You begin praying to Anhur. The mind flayer hits! The mind flayer's tentacles suck you! Your brain is eaten! You feel stupid! The mind flayer's tentacles suck you! Your brain is eaten! Your last thought fades away. Final status: Goodbye matt the Wizard, killed by brainlessness, while praying... You died in The Dungeons of Doom on dungeon level 25 with 47823 points, and 1341 pieces of gold, after 5939 moves. You were level 10 with a maximum of 61 hit points when you died.